TOP OF THE 1ST |
Logan Swans batting - Pitching for Rancho Cucamonga Sick Monkeys : RHP Armando Rocha
|
Pitching: RHP Armando Rocha
|
|
Batting: SHB Ed Dundee
|
0-0: Foul Ball, location: 2F 0-1: Ball 1-1: Fly out, F9 (Line Drive, 89D)
|
Batting: RHB Randall Luna
|
0-0: Ball 1-0: Swinging Strike 1-1: SINGLE (Groundball, 6MD)
|
Batting: RHB Nick Crosby
|
0-0: Foul Ball, location: 2F 0-1: Foul Ball, location: 2F 0-2: Ball 1-2: Foul Ball, location: 2F 1-2: Strikes out looking
|
Batting: RHB Nick Vogel
|
0-0: Ball 1-0: Ball 2-0: Foul Ball, location: 2F 2-1: Swinging Strike 2-2: Strikes out looking
|
Top of the 1st over - 0 run(s), 1 hit(s), 0 error(s), 1 left on base; Logan 0 - Rancho Cucamonga 0 |
BOTTOM OF THE 1ST |
Rancho Cucamonga Sick Monkeys batting - Pitching for Logan Swans : LHP Bernardo Dodson
|
Pitching: LHP Bernardo Dodson
|
|
Batting: SHB Jorge Maldonado
|
0-0: Ground out 6-3 (Groundball, 6)
|
Batting: LHB Paco Córdova
|
0-0: Ball 1-0: SOLO HOME RUN (Flyball, 89XD), Distance : 420 ft
|
Batting: LHB Carl Hayden
|
0-0: Foul Ball, location: 2F 0-1: Swinging Strike 0-2: Foul Ball, location: 2F 0-2: Ball 1-2: Ground out 4-3 (Groundball, 4MD)
|
Batting: LHB Paul Holcomb
|
0-0: Ball 1-0: Foul Ball, location: 2F 1-1: Ball 2-1: Foul Ball, location: 2F 2-2: Fly out, F7 (Flyball, 7S)
|
Bottom of the 1st over - 1 run(s), 1 hit(s), 0 error(s), 0 left on base; Logan 0 - Rancho Cucamonga 1 |
TOP OF THE 2ND |
Logan Swans batting - Pitching for Rancho Cucamonga Sick Monkeys : RHP Armando Rocha
|
Batting: LHB José Diharce
|
0-0: Ball 1-0: SINGLE (Line Drive, 56)
|
Batting: RHB Carlos Jiménez
|
0-0: Foul Ball, location: 2F 0-1: Fly out, F9 (Flyball, 9S)
|
Batting: LHB Roberto Herrera
|
0-0: Ball 1-0: Ball 2-0: Ball 3-0: Called Strike 3-1: Base on Balls José Diharce to second
|
Batting: RHB Eric Patrick
|
0-0: Ball 1-0: Fly out, F4 (Popup, 4S)
|
Batting: RHB Eliot James
|
0-0: Called Strike 0-1: Called Strike 0-2: Ball 1-2: Strikes out swinging
|
Top of the 2nd over - 0 run(s), 1 hit(s), 0 error(s), 2 left on base; Logan 0 - Rancho Cucamonga 1 |
BOTTOM OF THE 2ND |
Rancho Cucamonga Sick Monkeys batting - Pitching for Logan Swans : LHP Bernardo Dodson
|
Batting: RHB Roberto Quiñones
|
0-0: Ground out 6-3 (Groundball, 6)
|
Batting: RHB Francis Land
|
0-0: Called Strike 0-1: Foul Ball, location: 2F 0-2: Strikes out looking
|
Batting: LHB Sam Fuller
|
0-0: Ball 1-0: Ball 2-0: Fly out, F8 (Flyball, 8RM)
|
Bottom of the 2nd over - 0 run(s), 0 hit(s), 0 error(s), 0 left on base; Logan 0 - Rancho Cucamonga 1 |
TOP OF THE 3RD |
Logan Swans batting - Pitching for Rancho Cucamonga Sick Monkeys : RHP Armando Rocha
|
Batting: SHB Ed Dundee
|
0-0: SINGLE (Line Drive, 9S)
|
Batting: RHB Randall Luna
|
0-0: Foul Ball, location: 2F 0-1: Called Strike 0-2: Ball 1-2: Ground out U3 (Groundball, 3L) Ed Dundee to second
|
Batting: RHB Nick Crosby
|
0-0: Ball 1-0: Swinging Strike 1-1: Ball 2-1: Ground out 5-3 (Groundball, 56)
|
Batting: RHB Nick Vogel
|
0-0: Called Strike 0-1: Foul Ball, location: 2F 0-2: Ball 1-2: Ball 2-2: Ground out 6-3 (Groundball, 6)
|
Top of the 3rd over - 0 run(s), 1 hit(s), 0 error(s), 1 left on base; Logan 0 - Rancho Cucamonga 1 |
BOTTOM OF THE 3RD |
Rancho Cucamonga Sick Monkeys batting - Pitching for Logan Swans : LHP Bernardo Dodson
|
Batting: RHB Jeremy Davis
|
0-0: Foul Ball, location: 2F 0-1: Foul Ball, location: 2F 0-2: Ground out 6-3 (Groundball, 6)
|
Batting: SHB Keith Hale
|
0-0: Foul Ball, location: 2F 0-1: Ball 1-1: Fly out, F8 (Flyball, 8RM)
|
Batting: SHB Jorge Maldonado
|
0-0: Ball 1-0: Ball 2-0: Called Strike 2-1: SINGLE (Line Drive, 6)
|
Batting: LHB Paco Córdova
|
0-0: Ball 1-0: SINGLE (Line Drive, 8RM) Jorge Maldonado to second
|
Batting: LHB Carl Hayden
|
0-0: Ball 1-0: Called Strike 1-1: Foul Ball, location: 2F 1-2: Fielders Choice at 2nd, 4-6 (Groundball, 4)
|
Bottom of the 3rd over - 0 run(s), 2 hit(s), 0 error(s), 1 left on base; Logan 0 - Rancho Cucamonga 1 |
TOP OF THE 4TH |
Logan Swans batting - Pitching for Rancho Cucamonga Sick Monkeys : RHP Armando Rocha
|
Batting: LHB José Diharce
|
0-0: Ball 1-0: Called Strike 1-1: Fly out, F6 (Line Drive, 56)
|
Batting: RHB Carlos Jiménez
|
0-0: Reached on error, E8 (Flyball, 8RM)
|
Batting: LHB Roberto Herrera
|
0-0: Ball 1-0: Ball Carlos Jiménez steals 2nd base 2-0: Foul Ball, location: 2F 2-1: Swinging Strike 2-2: Fly out, F3 (Popup, 3L)
|
Batting: RHB Eric Patrick
|
0-0: Called Strike 0-1: Ball 1-1: Ball 2-1: 2-RUN HOME RUN (Flyball, 78XD), Distance : 437 ft
|
Batting: RHB Eliot James
|
0-0: Foul Ball, location: 2F 0-1: Called Strike 0-2: Fly out, F9 (Flyball, 9S)
|
Top of the 4th over - 2 run(s), 1 hit(s), 1 error(s), 0 left on base; Logan 2 - Rancho Cucamonga 1 |
BOTTOM OF THE 4TH |
Rancho Cucamonga Sick Monkeys batting - Pitching for Logan Swans : LHP Bernardo Dodson
|
Batting: LHB Paul Holcomb
|
0-0: Fly out, F8 (Flyball, 8LM)
|
Batting: RHB Roberto Quiñones
|
0-0: SINGLE (Flyball, 7S)
|
Batting: RHB Francis Land
|
0-0: Foul Ball, location: 2F 0-1: TRIPLE (Flyball, 8LXD) Roberto Quiñones scores
|
Batting: LHB Sam Fuller
|
0-0: Called Strike 0-1: Ball 1-1: Called Strike 1-2: Ball 2-2: Foul Ball, location: 2F 2-2: SINGLE (Groundball, 6MD) Francis Land scores
|
Batting: RHB Jeremy Davis
|
0-0: Called Strike 0-1: Ball 1-1: Ball 2-1: Foul Ball, location: 2F 2-2: Ball 3-2: Fly out, F9 (Flyball, 9S)
|
Batting: SHB Keith Hale
|
0-0: Ball 1-0: Ball 2-0: Hit by Pitch Sam Fuller to second
|
Batting: SHB Jorge Maldonado
|
0-0: Foul Ball, location: 2F 0-1: Ball 1-1: Foul Ball, location: 2F 1-2: Strikes out looking
|
Bottom of the 4th over - 2 run(s), 3 hit(s), 0 error(s), 2 left on base; Logan 2 - Rancho Cucamonga 3 |
TOP OF THE 5TH |
Logan Swans batting - Pitching for Rancho Cucamonga Sick Monkeys : RHP Armando Rocha
|
Batting: SHB Ed Dundee
|
0-0: Fly out, F7 (Line Drive, 7)
|
Batting: RHB Randall Luna
|
0-0: Foul Ball, location: 2F 0-1: Fly out, F8 (Flyball, 89M)
|
Batting: RHB Nick Crosby
|
0-0: Ball 1-0: Foul Ball, location: 2F 1-1: Ball 2-1: Foul Ball, location: 2F 2-2: SINGLE (Groundball, 56D)
|
Batting: RHB Nick Vogel
|
0-0: Ball 1-0: Called Strike 1-1: Fielders Choice at 2nd, 6-4 (Groundball, 6)
|
Top of the 5th over - 0 run(s), 1 hit(s), 0 error(s), 0 left on base; Logan 2 - Rancho Cucamonga 3 |
BOTTOM OF THE 5TH |
Rancho Cucamonga Sick Monkeys batting - Pitching for Logan Swans : LHP Bernardo Dodson
|
Batting: LHB Paco Córdova
|
0-0: Foul Ball, location: 2F 0-1: Swinging Strike 0-2: Fly out, F5 (Popup, 56)
|
Batting: LHB Carl Hayden
|
0-0: Called Strike 0-1: Foul Ball, location: 2F 0-2: Strikes out swinging
|
Batting: LHB Paul Holcomb
|
0-0: Foul Ball, location: 2F 0-1: Foul Ball, location: 2F 0-2: Foul Ball, location: 2F 0-2: Ball 1-2: Fly out, F9 (Line Drive, 9)
|
Bottom of the 5th over - 0 run(s), 0 hit(s), 0 error(s), 0 left on base; Logan 2 - Rancho Cucamonga 3 |
TOP OF THE 6TH |
Logan Swans batting - Pitching for Rancho Cucamonga Sick Monkeys : RHP Armando Rocha
|
Batting: LHB José Diharce
|
0-0: Called Strike 0-1: Fly out, F7 (Flyball, 7LM)
|
Batting: RHB Carlos Jiménez
|
0-0: Foul Ball, location: 2F 0-1: Ground out 4-3 (Groundball, 4)
|
Batting: LHB Roberto Herrera
|
0-0: Called Strike 0-1: Foul Ball, location: 2F 0-2: Ball 1-2: Ball 2-2: Fly out, F8 (Line Drive, 8LM)
|
Top of the 6th over - 0 run(s), 0 hit(s), 0 error(s), 0 left on base; Logan 2 - Rancho Cucamonga 3 |
BOTTOM OF THE 6TH |
Rancho Cucamonga Sick Monkeys batting - Pitching for Logan Swans : LHP Bernardo Dodson
|
Batting: RHB Roberto Quiñones
|
0-0: Ball 1-0: SINGLE (Line Drive, 6D)
|
Batting: RHB Francis Land
|
0-0: Called Strike 0-1: Ball 1-1: Ball 2-1: Foul Ball, location: 2F 2-2: Fly out, F8 (Flyball, 8LM)
|
Batting: LHB Sam Fuller
|
0-0: Ball 1-0: Ball 2-0: Called Strike 2-1: SINGLE (Line Drive, 6M) Roberto Quiñones to second Runner from 2nd tries for 3rd, SAFE, no throw
|
Pitching: RHP Chico Fuzeiro
|
|
Batting: RHB Jeremy Davis
|
0-0: Ball 1-0: Called Strike Sam Fuller steals 2nd base 1-1: Intentional Walk
|
Batting: SHB Keith Hale
|
0-0: Ball 1-0: Called Strike 1-1: Ball 2-1: Ball 3-1: Foul Ball, location: 2F 3-2: Foul Ball, location: 2F 3-2: Base on Balls Roberto Quiñones scores Sam Fuller to third Jeremy Davis to second
|
Batting: SHB Jorge Maldonado
|
0-0: DOUBLE (Line Drive, 7LM) Sam Fuller scores Jeremy Davis scores Keith Hale to third Runner from 3rd tries for Home, SAFE, no throw
|
Pitching: RHP Pedro Vélez
|
|
Batting: LHB Paco Córdova
|
0-0: Ball 1-0: Foul Ball, location: 2F 1-1: Fly out, F4 (Popup, 34)
|
Batting: LHB Carl Hayden
|
0-0: Ball 1-0: Foul Ball, location: 2F 1-1: Foul Ball, location: 2F 1-2: Strikes out looking
|
Bottom of the 6th over - 4 run(s), 3 hit(s), 0 error(s), 1 left on base; Logan 2 - Rancho Cucamonga 7 |
TOP OF THE 7TH |
Logan Swans batting - Pitching for Rancho Cucamonga Sick Monkeys : RHP Armando Rocha
|
Pitching: RHP Héctor Fabián
|
|
Now at 3B: Leslie Kennedy
|
|
Batting: RHB Eric Patrick
|
0-0: Called Strike 0-1: Called Strike 0-2: Ball 1-2: Foul Ball, location: 2F 1-2: Strikes out looking
|
Batting: RHB Eliot James
|
0-0: Ball 1-0: Called Strike 1-1: Ball 2-1: Swinging Strike 2-2: Strikes out swinging
|
Batting: SHB Ed Dundee
|
0-0: Ball 1-0: Ball 2-0: Fly out, F4 (Line Drive, 6M)
|
Top of the 7th over - 0 run(s), 0 hit(s), 0 error(s), 0 left on base; Logan 2 - Rancho Cucamonga 7 |
BOTTOM OF THE 7TH |
Rancho Cucamonga Sick Monkeys batting - Pitching for Logan Swans : RHP Pedro Vélez
|
Batting: LHB Paul Holcomb
|
0-0: Foul Ball, location: 2F 0-1: Called Strike 0-2: Ball 1-2: Ball 2-2: Ball 3-2: Foul Ball, location: 2F 3-2: Foul Ball, location: 2F 3-2: Ground out 4-3 (Groundball, 4S)
|
Batting: RHB Roberto Quiñones
|
0-0: Ball 1-0: Ball 2-0: Ball 3-0: Called Strike 3-1: Foul Ball, location: 2F 3-2: Strikes out looking
|
Batting: RHB Francis Land
|
0-0: Reached on error, E4 (Groundball, 4M)
|
Batting: LHB Sam Fuller
|
0-0: Ball 1-0: Ball 2-0: Swinging Strike 2-1: Fielders Choice at 2nd, 6-4 (Groundball, 6)
|
Bottom of the 7th over - 0 run(s), 0 hit(s), 1 error(s), 0 left on base; Logan 2 - Rancho Cucamonga 7 |
TOP OF THE 8TH |
Logan Swans batting - Pitching for Rancho Cucamonga Sick Monkeys : RHP Héctor Fabián
|
Batting: RHB Randall Luna
|
0-0: Called Strike 0-1: Foul Ball, location: 2F 0-2: Strikes out swinging
|
Batting: RHB Nick Crosby
|
0-0: Called Strike 0-1: Swinging Strike 0-2: Ball 1-2: Strikes out swinging
|
Batting: RHB Nick Vogel
|
0-0: Ground out U3 (Groundball, 3L)
|
Top of the 8th over - 0 run(s), 0 hit(s), 0 error(s), 0 left on base; Logan 2 - Rancho Cucamonga 7 |
BOTTOM OF THE 8TH |
Rancho Cucamonga Sick Monkeys batting - Pitching for Logan Swans : RHP Pedro Vélez
|
Batting: RHB Jeremy Davis
|
0-0: Ball 1-0: Swinging Strike 1-1: SINGLE (Groundball, 4MD)
|
Batting: SHB Keith Hale
|
0-0: Called Strike 0-1: Ball 1-1: Ball 2-1: Foul Ball, location: 2F 2-2: SINGLE (Groundball, 3D) Jeremy Davis to second Runner from 2nd tries for 3rd, SAFE, throw made to third
|
Batting: SHB Jorge Maldonado
|
0-0: Ball 1-0: Ball 2-0: Ball 3-0: Called Strike 3-1: Base on Balls Keith Hale to second
|
Batting: RHB Leslie Kennedy
|
0-0: Ball 1-0: Grounds into double play, 4-6-3 (Groundball, 4) Jeremy Davis scores Keith Hale to third
|
Batting: LHB Carl Hayden
|
0-0: Fly out, F3 (Popup, 3S)
|
Bottom of the 8th over - 1 run(s), 2 hit(s), 0 error(s), 1 left on base; Logan 2 - Rancho Cucamonga 8 |
TOP OF THE 9TH |
Logan Swans batting - Pitching for Rancho Cucamonga Sick Monkeys : RHP Héctor Fabián
|
Batting: LHB José Diharce
|
0-0: Fly out, F4 (Flyball, 4D)
|
Batting: RHB Carlos Jiménez
|
0-0: Called Strike 0-1: Fly out, F9 (Flyball, 9S)
|
Batting: LHB Roberto Herrera
|
0-0: Called Strike 0-1: Foul Ball, location: 2F 0-2: Ball 1-2: Ball 2-2: Ball 3-2: Foul Ball, location: 2F 3-2: Foul Ball, location: 2F 3-2: SINGLE (Groundball, 4MD)
|
Batting: RHB Eric Patrick
|
0-0: Ball 1-0: Called Strike 1-1: Ground out 4-3 (Groundball, 34)
|
Top of the 9th over - 0 run(s), 1 hit(s), 0 error(s), 1 left on base; Logan 2 - Rancho Cucamonga 8 |
|